 Dungeon Crawl Stone Soup version 0.18.1-48-g4cf74bf (webtiles) character file.

29794 Tabkey the Peltast (level 13, -3/77 HPs)
             Began as a Formicid Fighter on July 20, 2016.
             Was the Champion of Okawaru.
             Killed from afar by a fire dragon (45 damage)
             ... with a blast of flame
             ... on level 14 of the Dungeon.
             The game lasted 00:25:25 (15696 turns).

Tabkey the Peltast (Formicid Fighter)              Turns: 15696, Time: 00:25:26

Health: -3/77      AC: 33    Str: 22    XL:     13   Next: 83%
Magic:  15/15      EV:  6    Int:  8    God:    Okawaru [******]
Gold:   469        SH: 14    Dex: 14    Spells: 0 memorised, 12 levels left

rFire  . . .     SeeInvis +     m - +2 lajatang (elec)
rCold  . . .     Gourm    .     u - +1 crystal plate armour
rNeg   . . .     Faith    .     c - +0 shield
rPois  .         Spirit   .     (helmet unavailable)
rElec  .         Dismiss  .     k - +0 cloak
rCorr  +         Reflect  .     a - +1 pair of gloves {archery}
SustAt .         Harm     .     r - +0 pair of boots
MR     +....                    (no amulet)
Stlth  ..........               b - ring of resist corrosion
                                g - +3 ring of protection

@: somewhat resistant to hostile enchantments, extremely unstealthy
A: permanent stasis, dig shafts and tunnels, four strong arms, antennae 3, thin
metallic scales 1, frail 1, high mp 2
a: Dig, Shaft Self, Heroism, Finesse, Renounce Religion


You were on level 14 of the Dungeon.
You worshipped Okawaru.
Okawaru was exalted by your worship.
You were very hungry.

You visited 2 branches of the dungeon, and saw 15 of its levels.

You collected 637 gold pieces.
You spent 168 gold pieces at shops.

Inventory:

Hand Weapons
 m - a +2 lajatang of electrocution (weapon)
Missiles
 s - 6 throwing nets (quivered)
Armour
 a - a +1 pair of gloves of archery (worn)
 c - a +0 shield (worn)
 k - a +0 cloak (worn)
 r - a +0 pair of boots (worn)
 u - a +1 crystal plate armour (worn)
Jewellery
 b - a ring of resist corrosion (right hand)
 g - a +3 ring of protection (left hand)
Wands
 v - a wand of iceblast (11/15)
 A - a wand of acid (15/15)
 B - a wand of random effects (24/48)
Scrolls
 p - 5 scrolls of remove curse
 t - a scroll of noise
 w - 4 scrolls of magic mapping
 y - 2 scrolls of amnesia
 z - 2 scrolls of fog
Potions
 d - a potion of curing
 e - a potion of cancellation
 i - 2 potions of agility
 j - a potion of invisibility
 q - 2 potions of cure mutation
 x - 2 potions of berserk rage
Comestibles
 f - 8 bread rations
 h - 3 beef jerkies
 l - 7 fruits
 n - 3 meat rations
 o - 3 slices of pizza


   Skills:
 - Level 3.2 Fighting
 - Level 13.4 Staves
 - Level 12.2 Armour
 - Level 4.1 Dodging
 + Level 15.8 Shields


You had 12 spell levels left.
You didn't know any spells.

Dungeon Overview and Level Annotations

Branches:
Dungeon (14/15)            Temple (1/1) D:5            Lair (0/8) D:10
    Orc (0/2) D:9
 Vaults: D:13-14

Altars:
Ashenzari
Cheibriados
Dithmenos
Fedhas
Gozag
Makhleb
Nemelex Xobeh
Okawaru
Pakellas
Qazlal
Ru
Sif Muna
Vehumet
Yredelemnul
Zin
The Shining One

Shops:
D:4 [   D:5 =   D:11 !

Portals:
Trove: D:10 (show slimy rune of Zot)

Annotations:
D:10 Sonja


Innate Abilities, Weirdness & Mutations

You are under a permanent stasis effect.
You can dig through walls and to a lower floor.
Your four strong arms can wield two-handed weapons with a shield.
You have a pair of large antennae on your head (SInv).
You are partially covered in thin metallic scales (AC +2).
You are frail (-10% HP).
You have a considerably increased reservoir of magic (+20% MP).


Message History

The fire dragon claws you but does no damage.
You block the fire dragon's attack.
You closely miss the fire dragon.
The fire dragon is almost dead.
You completely miss the fire dragon.
The fire dragon is almost dead.
The fire dragon bites you but does no damage.
The fire dragon claws you but does no damage.
You block the fire dragon's attack.
You barely miss the fire dragon.
The fire dragon is almost dead.
You block the fire dragon's attack.
The fire dragon claws you but does no damage.
You block the fire dragon's attack.
Your crystal plate armour prevents you from hitting the fire dragon.
The fire dragon is almost dead.
The fire dragon breathes flames at you. The blast of flame hits you!
Ouch! That really hurt!
You die...

############## #............#
#######..######.#..#
#..>.##..#.. #.#..# ####
#.##.....#.# #....# ...#
#.######.#.# #.[..#######
##.####..## #.#.# #...)><....#
##....##..## #.#D# #.#...)....#
....#.###..###.#@####.#........#
###.#..).#...#.#......#..).)...#
#.####..##.#.#......#........#
#...###.((.#.########........#
###..#####(.................<##
##.......(.....###.........##
#########...#..##.........##
#..............###...
###.###.##..###......##


You could see a fire dragon.

Vanquished Creatures
  Snorg (D:13)
  Harold (D:10)
  A death knight (D:14)
  4 centaur warriors
  The ghost of Tabkey the Cruncher, a novice FoFi of Okawaru (D:9)
  5 skeletal warriors (D:14)
  An unseen horror (D:13)
  Pikel (D:4)
  6 hill giants
  A deep elf mage (D:12)
  A mana viper (shapeshifter) (D:14)
  3 cyclopes
  An ugly thing (D:13)
  A gargoyle (D:13)
  A kobold demonologist (D:13)
  A freezing wraith (D:14)
  5 trolls
  3 two-headed ogres
  5 slime creatures (D:12)
  3 wyverns
  Sigmund (D:4)
  A spriggan (D:9)
  Eustachio (D:6)
  12 yaks
  2 wraiths
  4 hungry ghosts
  Grum (D:10)
  5 hippogriffs
  3 wargs (D:9)
  Edmund (D:4)
  A mottled dragon (D:11)
  A water moccasin (D:14)
  7 orc warriors
  2 ice beasts
  2 necrophages
  2 sky beasts
  3 phantoms
  9 ogres
  2 wolves (D:10)
  7 centaurs
  A crocodile (D:12)
  A big kobold (D:10)
  3 gnoll sergeants (D:9)
  7 giant frogs
  A scorpion (D:11)
  5 killer bees
  The ghost of Tabkey the Twirler, a weakling FoFi (D:3)
  6 wights
  2 howler monkeys
  6 crimson imps
  A quasit (D:11)
  3 centaur zombies
  2 giant frog zombies
  4 centaur skeletons
  8 hounds
  A gnoll shaman (D:7)
  10 orc priests
  A giant frog skeleton (D:13)
  A jelly (D:9)
  10 orc wizards
  3 iguanas
  14 worker ants
  3 worker ant zombies
  6 gnolls
  12 adders
  3 shadow imps
  3 oozes
  3 adder skeletons
  An adder zombie (D:4)
  6 worms
  3 dart slugs
  4 giant geckos
  53 orcs
  6 giant cockroaches
  7 goblins
  6 hobgoblins
  2 jackals (D:7)
  9 kobolds
  6 quokkas
  9 bats
  A giant cockroach zombie (D:4)
  3 giant newts
  2 jackal zombies (D:4)
  2 quokka zombies
  4 rats
358 creatures vanquished.

Vanquished Creatures (others)
  An orc (D:12)
1 creature vanquished.

Grand Total: 359 creatures vanquished

Notes
Turn   | Place    | Note
--------------------------------------------------------------
     0 | D:1      | Tabkey the Formicid Fighter began the quest for the Orb.
     0 | D:1      | Reached XP level 1. HP: 18/18 MP: 1/1
    84 | D:1      | Reached XP level 2. HP: 22/24 MP: 2/2
   500 | D:2      | Reached XP level 3. HP: 9/29 MP: 3/3
   525 | D:2      | HP: 1/29 [poisoned by an adder]
   868 | D:2      | Found an oddly glowing altar of Pakellas.
  1067 | D:2      | Found a shattered altar of Ashenzari.
  1358 | D:2      | Reached XP level 4. HP: 27/35 MP: 4/4
  1894 | D:2      | Found a blossoming altar of Fedhas.
  2105 | D:3      | Reached XP level 5. HP: 39/41 MP: 5/5
  2150 | D:3      | Noticed Tabkey's ghost (weakling FoFi)
  2156 | D:3      | Killed Tabkey's ghost
  2156 | D:3      | Reached skill level 5 in Staves
  3008 | D:4      | Gained mutation: You are frail (-10% HP). [potion of mutation]
  3008 | D:4      | Gained mutation: You are partially covered in thin metallic scales (AC +2). [potion of mutation]
  3008 | D:4      | Gained mutation: You have an increased reservoir of magic (+10% MP). [potion of mutation]
  3009 | D:4      | Gained mutation: Potions and wands are less effective at restoring your health. [potion of mutation]
  3009 | D:4      | Gained mutation: You have a considerably increased reservoir of magic (+20% MP). [potion of mutation]
  3033 | D:4      | Noticed Sigmund
  3045 | D:4      | Killed Sigmund
  3045 | D:4      | Reached XP level 6. HP: 26/42 MP: 7/7
  3252 | D:4      | Found a glowing silver altar of Zin.
  3314 | D:4      | Noticed a phantom
  3335 | D:4      | Killed a phantom
  3335 | D:4      | Reached XP level 7. HP: 36/46 MP: 8/8
  3370 | D:4      | Lost mutation: Potions and wands are less effective at restoring your health. [potion of mutation]
  3557 | D:4      | Found a burning altar of Makhleb.
  3557 | D:4      | Found a sacrificial altar of Ru.
  3623 | D:4      | Noticed Edmund
  3635 | D:4      | Killed Edmund
  3663 | D:4      | Noticed Pikel
  3682 | D:4      | Killed Pikel
  3682 | D:4      | Reached XP level 8. HP: 26/52 MP: 9/9
  3826 | D:4      | Reached skill level 10 in Staves
  3918 | D:4      | Found Qezaach's Antique Armour Emporium.
  3935 | D:4      | Bought a pair of glowing gloves for 126 gold pieces
  4168 | D:5      | Entered Level 5 of the Dungeon
  4294 | D:5      | Found a staircase to the Ecumenical Temple.
  4471 | D:5      | Reached XP level 9. HP: 43/57 MP: 10/10
  4759 | D:5      | Found Qehog's Jewellery Shoppe.
  4890 | D:6      | Reached skill level 4 in Shields
  4954 | D:6      | Reached skill level 5 in Shields
  5195 | D:6      | Noticed Eustachio
  5231 | D:6      | Killed Eustachio
  5231 | D:6      | Reached skill level 6 in Shields
  5627 | D:6      | Reached skill level 7 in Shields
  6132 | Temple   | Entered the Ecumenical Temple
  6158 | Temple   | Became a worshipper of Warmaster Okawaru
  6351 | D:7      | Reached skill level 8 in Shields
  6407 | D:7      | Found a glowing silver altar of Zin.
  6436 | D:7      | Reached skill level 9 in Shields
  6454 | D:7      | Reached XP level 10. HP: 53/63 MP: 12/12
  6838 | D:8      | Reached skill level 5 in Armour
  6845 | D:8      | Reached * piety under Okawaru
  7640 | D:9      | Found a basalt altar of Yredelemnul.
  7647 | D:9      | Noticed Tabkey's ghost (novice FoFi)
  7661 | D:9      | Killed Tabkey's ghost
  7661 | D:9      | Reached ** piety under Okawaru
  7886 | D:9      | Reached *** piety under Okawaru
  7955 | D:9      | Found a staircase to the Orcish Mines.
  7985 | D:8      | Reached XP level 11. HP: 41/67 MP: 13/13
  8566 | D:9      | Reached skill level 10 in Shields
  8687 | D:9      | Reached skill level 1 in Dodging
  8746 | D:10     | Entered Level 10 of the Dungeon
  9155 | D:10     | Noticed Grum
  9172 | D:10     | Killed Grum
  9484 | D:10     | Found a staircase to the Lair.
  9487 | D:10     | Noticed Harold
  9962 | D:10     | Found a portal to a secret trove of treasure.
 10114 | D:10     | Killed Harold
 10114 | D:10     | Reached **** piety under Okawaru
 10313 | D:10     | Noticed a hill giant
 10321 | D:10     | Killed a hill giant
 10599 | D:10     | Noticed Sonja
 10627 | D:10     | You fall through a shaft!
 10627 | D:11     | Noticed a hill giant
 10631 | D:11     | Noticed a cyclops
 10642 | D:11     | Killed a cyclops
 10646 | D:11     | Killed a hill giant
 10646 | D:11     | Reached ***** piety under Okawaru
 10977 | D:11     | Reached XP level 12. HP: 57/72 MP: 14/14
 11172 | D:11     | Received a gift from Okawaru
 11233 | D:11     | Found Voucomm's Distillery.
 11243 | D:11     | Bought a potion of curing for 42 gold pieces
 11808 | D:12     | Reached skill level 11 in Shields
 12155 | D:12     | Identified a scroll of acquirement
 12518 | D:12     | Reached skill level 12 in Shields
 12617 | D:12     | Found a shadowy altar of Dithmenos.
 12973 | D:12     | Reached skill level 10 in Armour
 13749 | D:13     | Noticed a centaur warrior
 13762 | D:13     | Killed a centaur warrior
 13762 | D:13     | Reached ****** piety under Okawaru
 13929 | D:13     | Reached XP level 13. HP: 67/77 MP: 15/15
 14146 | D:13     | Received a gift from Okawaru
 14300 | D:14     | Noticed Snorg
 14356 | D:13     | Noticed a centaur warrior
 14366 | D:13     | Killed a centaur warrior
 14366 | D:13     | Reached skill level 13 in Shields
 14571 | D:13     | Killed Snorg
 14595 | D:14     | Reached skill level 14 in Shields
 14682 | D:14     | Received a gift from Okawaru
 15042 | D:14     | Reached skill level 15 in Shields
 15444 | D:14     | Noticed a centaur warrior
 15454 | D:14     | Killed a centaur warrior
 15569 | D:14     | Noticed a centaur warrior
 15579 | D:14     | Killed a centaur warrior
 15664 | D:14     | Noticed a fire dragon
 15696 | D:14     | Killed from afar by a fire dragon

Skill      XL: |  1  2  3  4  5  6  7  8  9 10 11 12 13 |
---------------+----------------------------------------+-----
Staves         | 3 4 6 7 9 10 11 12 13 | 13.4
Shields        | 9 10 12 15 | 15.8
Armour         | 8 9 12 | 12.2
Dodging        | 4 |  4.1
Fighting       | |  3.2

Action                   |  1- 3 |  4- 6 |  7- 9 | 10-12 | 13-15 || total
-------------------------+-------+-------+-------+-------+-------++-------
Melee: Quarterstaff      |    79 |   132 |    13 |       |       ||   224
       Lajatang          |       |       |   305 |   679 |   230 ||  1214
Throw: Throwing net      |       |       |       |     2 |       ||     2
 Abil: Shaft Self        |       |       |       |     1 |       ||     1
  Use: Scroll            |       |    11 |     6 |    11 |     1 ||    29
       Potion            |       |     2 |     1 |     5 |       ||     8
  Eat: Chunk             |     1 |     7 |    10 |    29 |     5 ||    52
       Pizza             |       |       |       |     1 |       ||     1
       Meat ration       |       |       |       |     1 |       ||     1
Armor: Scale mail        |    39 |    42 |   129 |   183 |       ||   393
       Crystal plate arm |       |       |       |    86 |   138 ||   224
Dodge: Dodged            |    17 |    35 |    82 |   204 |    47 ||   385
Block: Shield            |    41 |    62 |   159 |   381 |   161 ||   804
